 Dungeon Crawl Stone Soup version 0.27.1-33-g824d729ab1 (webtiles) character file.

Game seed: 11551946495693528565

445 pkoi the Ruffian (level 6, -14/48 HPs)
             Began as a Draconian Warper on Dec 28, 2021.
             Was an Initiate of Ru.
             Demolished by Prince Ribbit (15 damage)
             ... on level 4 of the Dungeon.
             The game lasted 00:06:29 (4715 turns).

pkoi the Ruffian (Draconian Warper)                 Turns: 4715, Time: 00:06:31

Health: -14/48     AC:  8    Str: 13    XL:     6   Next: 72%
Magic:  4/10       EV: 12    Int: 22    God:    Ru [......]
Gold:   73         SH:  0    Dex: 10    Spells: 5/10 levels left

rFire    . . .     SeeInvis .     - Unarmed
rCold    . . .     Faith    .   (no shield)
rNeg     + . .     Spirit   .   (armour unavailable)
rPois    .         Reflect  .   (helmet restricted)
rElec    .         Harm     .   d - +0 cloak
rCorr    .         Rampage  .   (no gloves)
Will     .....                  l - +0 pair of boots
Stlth    +.........             (no amulet)
HPRegen  0.16/turn              m - +6 ring of intelligence
MPRegen  0.12/turn              p - ring of positive energy

@: no status effects
A: AC +6, unfitting armour, cold-blooded
a: Renounce Religion, Sacrifice Courage, Sacrifice Nimbleness, Sacrifice Arcana,
Reject Sacrifices


You were on level 4 of the Dungeon.
You worshipped Ru.
Ru was noncommittal.
You visited 1 branch of the dungeon, and saw 5 of its levels.

You collected 73 gold pieces.

Inventory:

Hand Weapons
 c - a +0 mace
 e - a +0 dagger
 i - a +3 dagger of protection
Missiles
 b - 3 boomerangs of dispersal
 j - 4 poisoned darts (quivered)
 r - 5 curare-tipped darts
Armour
 d - a +0 cloak (worn)
 l - a +0 pair of boots (worn)
Jewellery
 m - a +6 ring of intelligence (left hand)
 p - a ring of positive energy (right hand)
Scrolls
 a - 2 scrolls of blinking
 g - 2 scrolls of identify
 h - 2 scrolls of enchant weapon
 o - 2 scrolls of torment {unknown}
 q - a scroll of fog {unknown}
Potions
 f - a potion of cancellation
 k - 3 potions of mutation


   Skills:
 - Level 2.1 Fighting
 - Level 0.8 Throwing
 - Level 2.1 Dodging
 * Level 6.6 Unarmed Combat
 + Level 2.7 Spellcasting
 + Level 3.6 Translocations


You had 5 spell levels left.
You knew the following spells:

 Your Spells              Type           Power      Damage    Failure   Level
a - Blink                 Tloc           N/A        N/A       4%          2
b - Gell's Gravitas       Tloc           9%         N/A       9%          3

Your spell library contained the following spells:

 Spells                   Type           Power      Damage    Failure   Level
 Lesser Beckoning         Tloc           9%         N/A       9%          3
 Teleport Other           Tloc           18%        N/A       9%          3
 Slow                     Hex            2%         N/A       19%         2
 Confusing Touch          Hex            2%         N/A       36%         3
 Inner Flame              Hex/Fire       2%         N/A       36%         3
 Manifold Assault         Tloc           18%        N/A       63%         5
 Cause Fear               Hex            1%         N/A       77%         4
 Alistair's Intoxication  Tmut/Pois      1%         N/A       98%         5
 Borgnjor's Vile Clutch   Necr/Erth      1%         N/A       98%         5
 Yara's Violent Unravell  Hex/Tmut       1%         3d3       98%         5
 Eringya's Noxious Bog    Tmut/Pois      1%         N/A       100%        6
 Discord                  Hex            1%         N/A       100%        8


Dungeon Overview and Level Annotations

Branches:
Dungeon (5/15)
 Temple: D:4-7

Altars:
Qazlal
Ru
Zin

Shops:
D:3 *

Annotations:
D:4 Prince Ribbit
D:5 Edmund


Innate Abilities, Weirdness & Mutations

Your plain brown scales are hard. (AC +6)
You cannot fit into any form of body armour.
You are cold-blooded and may be slowed by cold attacks.


Message History

Prince Ribbit hits you.
* * * LOW HITPOINT WARNING * * *
You climb upwards.
There is a stone staircase leading down here.
Unknown command.
Cast which spell? (? or * to list)
You don't know that spell.
Cast which spell? (? or * to list)
You blink.
Casting: Blink (safe; 4% risk of failure)
Confirm with . or Enter, or press ? or * to list all spells.
You blink.
Casting: Blink (safe; 4% risk of failure)
Confirm with . or Enter, or press ? or * to list all spells.
You blink.
Prince Ribbit blinks!
Casting: Blink (safe; 4% risk of failure)
Confirm with . or Enter, or press ? or * to list all spells.
You blink.
Prince Ribbit blinks!
Prince Ribbit lets out a mournful croak.
Prince Ribbit blinks!
There is a stone staircase leading down here.
You climb downwards.
Level annotation: Edmund The ice beast closely misses you.
There is a stone staircase leading up here.
It was a potion of cancellation.
You feel magically purged. The ice beast closely misses you.
It was a potion of curing.
You feel better. The ice beast hits you.
* * * LOW HITPOINT WARNING * * *
The ice beast freezes you!
You feel yourself slow down.
* * * LOW HITPOINT WARNING * * *
The ice beast hits you but does no damage.
You climb upwards.
Level annotation: Prince Ribbit You feel yourself speed up.
Prince Ribbit hits you.
* * * LOW HITPOINT WARNING * * *
Prince Ribbit hits you!
You die...

.##..# ###............... ###..#
#................# ###..#
#...........ยง..#.# .....#####
#.............##<# .........###
#............##..# ...........###
#...........###..#
.............####........### #..#
...............##Y......## #...
...............F@.....### ##...
........................#####....
..............#####..............
#..............# #####..........
###...........## ####.......
##........####### ##........ #
##.............######......... ##
#.........................### .##
#...................#######


You could see Prince Ribbit and an ice beast.

Vanquished Creatures
  An ogre (D:4)
  A phantom (D:4)
  A scorpion (D:4)
  A hound (D:5)
  A centaur skeleton (D:5)
  Terence (D:3)
  2 iguanas
  A hound skeleton (D:4)
  A worm (D:4)
  4 dart slugs
  4 endoplasms
  3 giant cockroaches (D:1)
  6 hobgoblins
  3 jackals (D:4)
  4 quokkas
  2 ball pythons
  9 bats
  4 frilled lizards
  6 goblins
  5 kobolds
  5 rats
65 creatures vanquished.

Notes
Turn   | Place    | Note
-------+----------+-------------------------------------------
     0 | D:1      | pkoi the Draconian Warper began the quest for the Orb.
     0 | D:1      | Reached XP level 1. HP: 17/17 MP: 3/3
   422 | D:1      | Reached XP level 2. HP: 24/24 MP: 5/5
   553 | D:1      | Reached skill level 3 in Unarmed Combat
   556 | D:1      | Found a faded altar of an unknown god.
  1026 | D:1      | Reached XP level 3. HP: 29/29 MP: 6/6
  1752 | D:2      | Learned a level 2 spell: Blink
  1761 | D:2      | Learned a level 3 spell: Gell's Gravitas
  2063 | D:2      | Reached skill level 4 in Unarmed Combat
  2258 | D:3      | Noticed Terence
  2503 | D:3      | Killed Terence
  2504 | D:3      | Reached XP level 4. HP: 2/36 MP: 7/7
  2896 | D:3      | Found a sacrificial altar of Ru.
  2941 | D:3      | Became a worshipper of Ru the Awakened
  2976 | D:3      | Found Sucek's General Store.
  3242 | D:4      | Noticed a fire elemental
  3244 | D:4      | Found a stormy altar of Qazlal.
  3246 | D:4      | Noticed an earth elemental
  3246 | D:4      | Noticed a water elemental
  3246 | D:4      | Noticed an air elemental
  3280 | D:4      | Noticed an ogre
  3292 | D:4      | Killed an ogre
  3293 | D:4      | Reached skill level 5 in Unarmed Combat
  3293 | D:4      | Reached XP level 5. HP: 20/41 MP: 8/8
  3575 | D:4      | Reached XP level 6. HP: 18/48 MP: 9/9
  3876 | D:4      | Reached skill level 6 in Unarmed Combat
  4407 | D:5      | Entered Level 5 of the Dungeon
  4462 | D:5      | Noticed Edmund
  4616 | D:5      | Found a glowing silver altar of Zin.
  4682 | D:5      | Noticed Prince Ribbit
  4682 | D:5      | Noticed an ice beast
  4715 | D:4      | HP: 1/48 [Prince Ribbit (5)]
  4715 | D:4      | Demolished by Prince Ribbit

Illustrated notes

Levels and vault maps discovered:
D:1:      heliophobic_arrival_dark_side_of_the_moon, layout_basic,
          basic_ecumenical_altar, minmay_tetromino_l2
D:2:      layout_basic
D:3:      layout_rooms, old_standard_altar, serial_shops, shop_statue,
          uniq_terence
D:4:      layout_cave_pods, nicolae_qazlal_style_of_elements
D:5:      layout_cave_pools, worldfamousw_hep_ancestral_shrine, zin_treasury,
          nicolae_overflow_hidden_temple, uniq_prince_ribbit1, uniq_pikel,
          uniq_edmund

Skill      XL: |  1  2  3  4  5  6 |
---------------+-------------------+-----
Unarmed Combat | 3 4 5 6 |  6.6
Fighting       | |  2.1
Throwing       | |  0.8
Dodging        | |  2.1
Spellcasting   | |  2.7
Translocations | |  3.6

Action                   |  1- 3 |  4- 6 || total
-------------------------+-------+-------++-------
Melee: Unarmed           |   142 |   105 ||   247
       Tailslap          |    20 |    12 ||    32
       Staff             |    11 |       ||    11
       Punch             |     1 |       ||     1
Throw: Dart              |    23 |     6 ||    29
       Boomerang         |     2 |       ||     2
 Cast: Blink             |       |     4 ||     4
  Use: Scroll            |     5 |       ||     5
       Potion            |       |     4 ||     4
Armor: Skin              |    71 |    30 ||   101
Dodge: Dodged            |   124 |    68 ||   192
